 Dungeon Crawl Stone Soup version 0.30-a0-528-g8c47a4955b (webtiles) character file.

Game seed: 1989368854845051862

99 kae the Firebug (level 4, -4/24 HPs)
             Began as a Tengu Fire Elementalist on Dec 23, 2022.
             Slain by an ogre
             ... wielding a +0 giant club
              (28 damage)
             ... on level 4 of the Dungeon.
             The game lasted 00:01:18 (2892 turns).

kae the Firebug (Tengu Fire Elementalist)           Turns: 2892, Time: 00:01:19

Health: -4/24      AC:  3    Str: 13    XL:     4   Next: 72%
Magic:  4/8        EV: 12    Int: 17    God:
Gold:   159        SH:  0    Dex: 14    Spells: 2/8 levels left

rFire   . . .      SeeInvis .    t - +6 flail of Excruciating Pain {flame, rC+++ Str+4}
rCold   + + +      Faith    .    (no shield)
rNeg    . . .      Spirit   .    a - +0 robe
rPois   .          Reflect  .    (helmet restricted)
rElec   .          Harm     .    d - +0 cloak
rCorr   .          Rampage  .    (no gloves)
Will    .....                    (boots unavailable)
Stlth   ++                       (no amulet)
HPRegen 0.24/turn                (no ring)
MPRegen 0.11/turn                (no ring)

@: no status effects
A: beak, talons 3
a: no special abilities


You were on level 4 of the Dungeon.
You visited 1 branch of the dungeon, and saw 4 of its levels.

You collected 159 gold pieces.


Innate Abilities, Weirdness & Mutations

You have a beak for a mouth.
You have claws for feet.


   Skills:
 - Level 2.1 Dodging
 - Level 2.0 Stealth
 + Level 2.5 Spellcasting
 * Level 3.8 Conjurations
 * Level 4.4 Fire Magic


You had 2 spell levels left.
You knew the following spells:

 Your Spells              Type           Power      Damage    Failure   Level
a - Foxfire               Conj/Fire      64%        2x1d7     3%          1
b - Scorch                Fire           34%        2d7       4%          2
c - Inner Flame           Hex/Fire       9%         N/A       22%         3

Your spell library contained the following spells:

 Spells                   Type           Power      Damage    Failure   Level
 Stone Arrow              Conj/Erth      16%        3d8       26%         3
 Kindle Blastsparks       Fire/Tloc/Air  14%        2d11      30%         3
 Flame Wave               Conj/Fire      16%        2d7       32%         4
 Summon Guardian Golem    Hex/Summ       2%         N/A       50%         3
 Animate Armour           Summ/Erth      4%         N/A       88%         4
 Orb of Destruction       Conj           7%         9d6       100%        7
 Spellforged Servitor     Conj/Summ      4%         N/A       100%        7
 Lehudib's Crystal Spear  Conj/Erth      4%         10d3      100%        8

Inventory:

Hand Weapons
 t - the +6 flail of Excruciating Pain (weapon) {flame, rC+++ Str+4}
   (You found it on level 3 of the Dungeon)

   It burns those it strikes, dealing additional fire damage.
   Str:       It affects your strength (+4).
   rC:        It renders you almost immune to cold.
Missiles
 c - 27 stones
 n - 11 poisoned darts
 r - a throwing net {=f!f}
Armour
 a - a +0 robe (worn)
 d - a +0 cloak (worn)
   (You found it on level 1 of the Dungeon)
Scrolls
 e - 2 scrolls of identify {unknown}
 f - a scroll of fear {unknown}
 g - a scroll of enchant armour {unknown}
 h - a scroll of noise {unknown}
 i - a scroll of magic mapping {unknown}
 k - 2 scrolls of enchant weapon {unknown}
 p - a scroll of fog {unknown}
 q - a scroll of amnesia {unknown}
Potions
 b - a potion of magic
 j - 2 potions of brilliance {unknown}
 l - a potion of lignification {!q}
 m - a potion of ambrosia {unknown}
 o - a potion of degeneration {unknown}
 s - a potion of curing {unknown}

Dungeon Overview and Level Annotations

Branches:
Dungeon (4/15) Zot: 21107
 Temple: D:4-7

Altars:
Hepliaklqana
Ru

Shops:
D:3 (

Annotations:
D:3 2 transporters
D:4 Natasha

###.# .....######
#....<..# #.#####.#
#.# #.# #.# #.# #.#
###.#
...#####ยง###...####.#
.......@.ยง...#......#
..#####O####...######
#h# ##.## .s# #.# .#.#
#.# #.#.# #.# . ...
#.# .. ... #.# ..#


You could see an ogre, a scorpion and Natasha.


Message History

๐Ÿ˜Ž MP[-1]
You lost 1 mp, and now have 5/8 mp.
A frilled lizard comes into view.
The frilled lizard hisses angrily.
There is a stone staircase leading down here. ๐Ÿ˜Ž MP[+1]
Casting: Foxfire (safe; 3% risk of failure)
Confirm with . or Enter, or press ? or * to list all spells.
You conjure some foxfire!
The foxfire hits the frilled lizard.
You kill the frilled lizard! ๐Ÿ˜Ž MP[-1]
You lost 1 mp, and now have 5/8 mp.
You see here a +0 spear.
s - a pink potion ๐Ÿ˜Ž MP[+1]
You see here a +0 leather armour.
Partly explored, unvisited transporter. ๐Ÿ˜Ž MP[+2]
Your mp is fully restored (8).
Partly explored, unvisited transporter.
Casting: Foxfire (safe; 3% risk of failure)
Confirm with . or Enter, or press ? or * to list all spells.
You conjure some foxfire! ๐Ÿ˜Ž MP[-1]
You lost 1 mp, and now have 7/8 mp.
Partly explored, unvisited transporter. ๐Ÿ˜Ž MP[+1]
Your mp is fully restored (8).
Partly explored, unvisited transporter.
Partly explored, unvisited transporter.
(D) Dungeon
Where to? (Enter - D:3, ? - help)
There is an open door here.
There is an open door here.
You see here a +0 whip.
You see here the +6 flail of Excruciating Pain {flame, rC+++ Str+4}.
There is a stone staircase leading down here.
You climb downwards.
There is a stone staircase leading up here.
Okay, then.
You climb upwards.
Level annotation: 2 transporters
There is a stone staircase leading down here.
Search for what [Enter for "weap", or ? for help]? mace You see here the +6 flail of Excruciating Pain {flame, rC+++ Str+4}.
t - the +6 flail of Excruciating Pain {flame, rC+++ Str+4} You feel stronger.
The +6 flail of Excruciating Pain {flame, rC+++ Str+4} bursts into flame!
t - the +6 flail of Excruciating Pain (weapon)
{flame, rC+++ Str+4}
(D) Dungeon
Where to? (Enter - D:3 @ (x,y), ? - help)
There is a stone staircase leading down here.
You climb downwards.
There is a stone staircase leading up here.
You hear a distant slurping noise.
You hear a distant slurping noise.
An ogre comes into view. It is wielding a +0 giant club.
An ogre is nearby!
An ogre is nearby!
An ogre is nearby!
Okay, then.
Casting: Foxfire (safe; 3% risk of failure)
Confirm with . or Enter, or press ? or * to list all spells.
You conjure some foxfire!
The ogre shouts!
Natasha, Servant of Life and Death comes into view.
The foxfire hits the ogre. ๐Ÿ˜Ž MP[-1]
You lost 1 mp, and now have 7/8 mp.
Casting: Foxfire (safe; 3% risk of failure)
Confirm with . or Enter, or press ? or * to list all spells.
You conjure some foxfire!
Natasha hisses angrily.
The foxfire hits the ogre.
Natasha hisses.
The foxfire hits the ogre.
A scorpion comes into view. ๐Ÿ˜Ž MP[-1]
You lost 1 mp, and now have 6/8 mp.
Casting: Foxfire (safe; 3% risk of failure)
Confirm with . or Enter, or press ? or * to list all spells.
You conjure some foxfire!
The foxfire hits the ogre.
The foxfire hits the ogre.
The foxfire hits the ogre but does no damage. ๐Ÿ˜Ž MP[-1]
You lost 1 mp, and now have 5/8 mp.
Casting: Foxfire (safe; 3% risk of failure)
Confirm with . or Enter, or press ? or * to list all spells.
You conjure some foxfire!
The foxfire hits Natasha. x2 ๐Ÿ˜Ž MP[-1]
You lost 1 mp, and now have 4/8 mp.
Casting: Foxfire (safe; 3% risk of failure)
Confirm with . or Enter, or press ? or * to list all spells.
You conjure some foxfire!
The foxfire hits the ogre. x2
The ogre hits you with a +0 giant club!!
Ouch! That really hurt!
You die...

Skill      XL: |  1  2  3 |
---------------+----------+-----
Conjurations   | 2 3 |  3.8
Fire Magic     | 4 |  4.4
Dodging        | |  2.1
Stealth        | |  2.0
Spellcasting   | |  2.5

Action                   |  1- 3 |  4- 6 || total
-------------------------+-------+-------++-------
Melee: Unarmed           |     4 |       ||     4
 Cast: Foxfire           |    62 |    63 ||   125
       Scorch            |     2 |     5 ||     7
  Use: Potion            |     1 |       ||     1
Armor: Robe              |     3 |     1 ||     4
       Skin              |     2 |       ||     2
Dodge: Dodged            |     4 |    13 ||    17

Levels and vault maps discovered:
D:1:      dpeg_arrival_rooms_b, layout_rooms
D:2:      layout_basic, basic_altar, serial_park_tiny_1, minmay_between,
          uniq_terence
D:3:      gammafunk_wand_slinger, layout_loops_ring, old_standard_altar,
          serial_shops, nicolae_shop_hallway_plus, kennysheep_another_room,
          corexii_corridor_pit
D:4:      layout_loops_ring, hex_tiny, minmay_joined_circles, uniq_natasha

Notes
Turn   | Place    | Note
-------+----------+-------------------------------------------
     0 | D:1      | kae the Tengu Fire Elementalist began the quest for the
                  | Orb.
     0 | D:1      | Reached XP level 1. HP: 10/10 MP: 4/4
     0 | D:1      | magus.rc [v1.11.3]
    48 | D:1      | You pick up a book of Dangerous Friends and begin
                  | reading...
    48 | D:1      | You add the spells Summon Guardian Golem, Orb of
                  | Destruction and Spellforged Servitor to your library.
   140 | D:1      | You pick up a book of Armaments and begin reading...
   140 | D:1      | You add the spells Stone Arrow, Animate Armour and
                  | Lehudib's Crystal Spear to your library.
   252 | D:1      | Reached skill level 2 in Conjurations
   252 | D:1      | Reached XP level 2. HP: 15/15 MP: 3/6
   369 | D:1      | Learned a level 2 spell: Scorch
   615 | D:2      | Found a sacrificial altar of Ru.
   680 | D:2      | Noticed Terence
   688 | D:2      | HP: 3/15 [Terence/+0 short sword (4)]
   693 | D:2      | HP: 3/22 [Terence/+0 short sword (1)]
   694 | D:2      | HP: 1/22 [Terence/+0 short sword (3)]
   695 | D:2      | Killed Terence
   696 | D:2      | Reached XP level 3. HP: 1/19 MP: 0/7
   796 | D:2      | Reached skill level 4 in Fire Magic
   807 | D:2      | Reached skill level 3 in Conjurations
  1633 | D:2      | Learned a level 3 spell: Inner Flame
  1727 | D:3      | Reached XP level 4. HP: 20/24 MP: 3/8
  1772 | D:3      | Found Zaewuj's Weapon Shop.
  1772 | D:3      | Identified the +6 flail of Excruciating Pain {flame, rC+++
                  | Str+4}
  2163 | D:3      | Found a transporter.
  2244 | D:3      | Found a transporter.
  2374 | D:3      | Found a hazy altar of Hepliaklqana.
  2882 | D:4      | Noticed an ogre
  2884 | D:4      | Noticed Natasha
  2886 | D:4      | Noticed a scorpion
  2892 | D:4      | Slain by an ogre

Vanquished Creatures
  Terence (D:2)
  2 adders (D:3)
  2 worms
  A dart slug (D:3)
  An orc (D:3)
  5 bats
  3 endoplasms
  A giant cockroach (D:3)
  6 goblins
  7 hobgoblins
  2 kobolds (D:3)
  A quokka (D:2)
  6 ball pythons
  5 frilled lizards
  4 rats
47 creatures vanquished.

Vanquished Creatures (others)
  208 foxfires
208 creatures vanquished.

Grand Total: 255 creatures vanquished

Table legend:
 A = Non-vault XP
 B = Vault XP
 C = Vault XP percentage of total XP
 D = Non-vault monster count
 E = Vault monster count
 F = Vault count percentage of total count
                 A         B        C        D         E       F
            +---------+---------+-------+---------+---------+-------
      Total |     100 |      42 |  29.6 |      44 |       3 |   6.4
            +---------+---------+-------+---------+---------+-------
        D:1 |      15 |       0 |   0.0 |       9 |       0 |   0.0
        D:2 |      17 |      42 |  71.2 |      11 |       3 |  21.4
        D:3 |      68 |       0 |   0.0 |      24 |       0 |   0.0
            +---------+---------+-------+---------+---------+-------

Illustrated notes

Table legend:
 A = Kills in this place as a percentage of kills in entire the game.
 B = Kills by you in this place as a percentage of kills by you in the entire game.
 C = Kills by friends in this place as a percentage of kills by friends in the entire game.
 D = Other kills in this place as a percentage of other kills in the entire game.
 E = Experience gained in this place as a percentage of experience gained in the entire game.
 F = Experience gained in this place divided by the number of levels of this place that you have seen.
                   A       B       C       D       E      F
               +-------+-------+-------+-------+-------+----------------------
         Total | 100.0 | 100.0 |   N/A |   N/A | 100.0 |  35.5
       Dungeon | 100.0 | 100.0 |   N/A |   N/A | 100.0 |  35.5
               +-------+-------+-------+-------+-------+----------------------

Table legend: (Time is in decaauts)
 A = Elapsed time spent in this place.
 B = Non-inter-level travel time spent in this place.
 C = Inter-level travel time spent in this place.
 D = Time resting spent in this place.
 E = Time spent auto-exploring this place.
 F = Levels seen in this place.
 G = Mean time per level.
                   A        B        C        D        E       F      G
               +--------+--------+--------+--------+--------+-----+--------+
         Total |   2891 |   2770 |    121 |      0 |   2388 |   4 |  722.8 |
       Dungeon |   2891 |   2770 |    121 |      0 |   2388 |   4 |  722.8 |
               +--------+--------+--------+--------+--------+-----+--------+

Top non-repeatable levels by time:
     D:3: 1201 daAuts
     D:2: 1044 daAuts
     D:1: 615 daAuts
     D:4: 30 daAuts
